 Dungeon Crawl Stone Soup version 0.30-a0-149-g7f746667c4 (webtiles) character file.

Game seed: 17044419885248737681

1327 IdlyInterested the Twirler (level 8, 0/96 HPs)
             Began as a Demonspawn Wanderer on Sept 26, 2022.
             Slain by an orc wizard
             ... wielding a +3 dagger
              (2 damage)
             ... on level 5 of the Dungeon.
             The game lasted 00:14:35 (5210 turns).

IdlyInterested the Twirler (Demonspawn Wanderer)    Turns: 5210, Time: 00:14:35

Health: 0/96       AC: 11    Str: 12    XL:     8   Next: 34%
Magic:  8/8        EV:  9    Int: 13    God:
Gold:   176        SH:  0    Dex: 16    Spells: 7/7 levels left

rFire   . . .      SeeInvis .    a - +2 quarterstaff
rCold   . . .      Faith    .    (shield currently unavailable)
rNeg    . . .      Spirit   .    q - +1 scale mail
rPois   +          Reflect  .    B - +0 helmet
rElec   .          Harm     .    E - +0 cloak
rCorr   .          Rampage  .    (no gloves)
Will    .....                    c - +0 pair of boots
Stlth   ..........               (no amulet)
HPRegen 0.26/turn                l - ring of poison resistance
MPRegen 0.11/turn                (no ring)

@: berserking, very quick
A: powered by death 2
a: no special abilities


You were on level 5 of the Dungeon.
You visited 1 branch of the dungeon, and saw 5 of its levels.
You also visited: Sewer.

You collected 176 gold pieces.

Inventory:

Hand Weapons
 a - a +2 quarterstaff (weapon)
 b - a +0 spear
 f - a +0 dagger
 i - a +0 mace
 m - a +0 long sword
 r - a +0 short sword
 z - a +0 flail of protection
 H - a +0 mace of draining
Armour
 c - a +0 pair of boots (worn)
 e - a +0 robe
 h - a +0 ring mail
 q - a +1 scale mail (worn)
 v - a +0 chain mail
 w - a +1 robe of willpower
 B - a +0 helmet (worn)
 E - a +0 cloak (worn)
Jewellery
 l - a ring of poison resistance (left hand)
Wands
 s - a wand of light (19)
 A - a wand of flame (30)
 F - a wand of polymorph (4)
Scrolls
 t - 3 scrolls of enchant armour
 u - a scroll of poison
 x - 5 scrolls of blinking {unknown}
 y - 2 scrolls of magic mapping
 D - a scroll of fear
 G - 3 scrolls of fog {unknown}
 I - a scroll of acquirement {unknown}
Potions
 d - a potion of lignification
 j - a potion of cancellation
 k - 3 potions of curing {unknown}
 n - a potion of magic
 o - a potion of haste
 p - a potion of berserk rage
 C - a potion of brilliance {unknown}


   Skills:
 + Level 5.8 Fighting
 - Level 1.7(4.5) Polearms
 + Level 6.7(6.8) Staves
 + Level 2.5 Armour
 - Level 2.0 Dodging
 - Level 2.0 Stealth
 - Level 4.0 Evocations


You had 7 spell levels left.
You didn't know any spells.
Your spell library contained the following spells:

 Spells                   Type           Power      Damage    Failure   Level
 Magic Dart               Conj           0%         1d3       83%         1
 Call Imp                 Summ           0%         N/A       93%         2
 Ensorcelled Hibernation  Hex/Ice        0%         N/A       93%         2
 Passwall                 Tmut/Erth      0%         N/A       93%         2
 Gell's Gravitas          Tloc           0%         N/A       99%         3
 Kindle Blastsparks       Fire/Tloc/Air  0%         2d10      99%         3
 Lesser Beckoning         Tloc           0%         N/A       99%         3
 Mephitic Cloud           Conj/Pois/Air  0%         N/A       99%         3
 Swiftness                Air            0%         N/A       99%         3
 Teleport Other           Tloc           0%         N/A       99%         3
 Fireball                 Conj/Fire      0%         3d3       100%        5
 Ignition                 Fire           0%         3d3       100%        8


Dungeon Overview and Level Annotations

Branches:
Dungeon (5/15)              Sewer (visited)
 Temple: D:4-7

Altars:
Makhleb
Sif Muna
Vehumet


Innate Abilities, Weirdness & Mutations

You regenerate health from kills.


Message History

The orc barely misses you.
You sock the orc priest!
The orc priest is almost dead.
The orc hits you with a +0 mace.
The orc priest hits you from afar with a +3 trident!
The orc hits you but does no damage. The orc closely misses you.
You hit the orc priest.
You kill the orc priest!
The orc priest hits you but does no damage.
The orc hits you with a +0 mace. The orc hits you but does no damage.
The orc hits you with a +0 flail.
* * * LOW HITPOINT WARNING * * *
The orc hits you but does no damage.
A red film seems to cover your vision as you go berserk!
You feel yourself moving faster!
You feel mighty!
The orc priest hits you from afar with a +3 trident.
* * * LOW HITPOINT WARNING * * *
The orc barely misses you. The orc hits you with a +0 flail.
* * * LOW HITPOINT WARNING * * *
The orc barely misses you. The orc hits you but does no damage.
The orc wizard casts a spell at you. The puff of flame misses you.
You barely miss the orc. The orc completely misses you.
The orc closely misses you.
The orc wizard gestures at you while chanting.
The magic dart hits you.
* * * LOW HITPOINT WARNING * * *
The orc priest hits you from afar with a +3 trident.
* * * LOW HITPOINT WARNING * * *
The orc hits you but does no damage. x2; The orc closely misses you.
You closely miss the orc. You barely miss the orc.
The orc is severely wounded.
The orc hits you with a +0 mace.
* * * LOW HITPOINT WARNING * * *
The orc barely misses you.
The orc priest hits you from afar with a +3 trident!
* * * LOW HITPOINT WARNING * * *
The orc wizard hits you with a +3 dagger.
You die...

##..........### #. ........
.##..#.#.......##.#.##...#...
.....##...#..............##..
..............<..........# #
#........#)#...(........).## #
###........#............†<.####
#....#......................#
..###.....o.................
..###.....o@o........###....
..........ooo>.............[
...........#.o..............
..#.....<...#................ #
##.##)...##..............## ..
#.##...#......###.##.#. #..
###....##..#..##.. .... ....##
###..##..#.... #...# ...#


You could see an orc priest, an orc wizard and 5 orcs.

Vanquished Creatures
  Sigmund (D:3)
  A black bear (D:4)
  3 ogres
  A phantom (D:5)
  2 bullfrogs (Sewer)
  2 scorpions
  A crimson imp (D:3)
  Crazy Yiuf (D:3)
  2 orc priests
  A hound (D:4)
  A jelly (D:5)
  Terence (D:2)
  An iguana (D:4)
  Ijyb (D:3)
  Robin (D:3)
  3 gnolls (D:4)
  12 adders
  A white imp (D:5)
  3 worms
  2 dart slugs (D:3)
  5 orcs
  8 ball pythons
  5 endoplasms
  12 giant cockroaches
  15 goblins
  5 hobgoblins
  2 jackals (D:1)
  9 quokkas
  4 bats
  4 frilled lizards (Sewer)
  2 kobolds
  5 rats
117 creatures vanquished.

Vanquished Creatures (others)
  5 fungi (D:3)
5 creatures vanquished.

Grand Total: 122 creatures vanquished

Notes
Turn   | Place    | Note
-------+----------+-------------------------------------------
     0 | D:1      | IdlyInterested the Demonspawn Wanderer began the quest for
                  | the Orb.
     0 | D:1      | IdlyInterested set off with the following items: a +2
                  | quarterstaff, a +0 spear, a +0 pair of boots, a potion of
                  | lignification, a +0 robe.
     0 | D:1      | Reached XP level 1. HP: 15/15 MP: 1/1
   398 | D:1      | Gained mutation: You regenerate a little health from kills.
                  | [demonic ancestry]
   398 | D:1      | Reached XP level 2. HP: 21/21 MP: 2/2
   910 | D:2      | Noticed Terence
   921 | D:2      | Killed Terence
   922 | D:2      | Reached skill level 4 in Staves
   922 | D:2      | Reached XP level 3. HP: 25/27 MP: 3/3
  1976 | D:3      | Reached XP level 4. HP: 33/33 MP: 4/4
  2257 | D:3      | Found a glowing drain.
  2261 | Sewer    | Entered a sewer
  2382 | Sewer    | Reached skill level 1 in Stealth
  2553 | Sewer    | Noticed a bullfrog
  2559 | Sewer    | Killed a bullfrog
  2559 | Sewer    | Noticed a bullfrog
  2560 | Sewer    | Reached XP level 5. HP: 34/41 MP: 5/5
  2622 | Sewer    | Gained mutation: You regenerate health from kills. [demonic
                  | ancestry]
  2622 | Sewer    | Reached XP level 6. HP: 47/47 MP: 6/6
  2762 | D:3      | Reached skill level 5 in Staves
  2804 | D:3      | Noticed Robin
  2840 | D:3      | Killed Robin
  2985 | D:3      | Found a burning altar of Makhleb.
  3001 | D:3      | Found a radiant altar of Vehumet.
  3010 | D:3      | Reached skill level 1 in Evocations
  3024 | D:3      | Noticed Ijyb
  3025 | D:3      | Found a shimmering blue altar of Sif Muna.
  3041 | D:3      | Killed Ijyb
  3042 | D:3      | Noticed Sigmund
  3051 | D:3      | Killed Sigmund
  3052 | D:3      | Reached XP level 7. HP: 22/54 MP: 7/7
  3345 | D:3      | Found a faded altar of an unknown god.
  3477 | D:3      | Found a runed translucent door.
  3478 | D:3      | Noticed Crazy Yiuf
  3486 | D:3      | Killed Crazy Yiuf
  4283 | D:4      | Reached skill level 6 in Staves
  4320 | D:4      | Reached skill level 5 in Fighting
  4913 | D:5      | Entered Level 5 of the Dungeon
  4924 | D:5      | Reached XP level 8. HP: 49/62 MP: 8/8
  4959 | D:5      | Got the Grimoire of Calescent Striking
  5210 | D:5      | HP: 2/96 [orc priest/+3 trident (7)]
  5210 | D:5      | Slain by an orc wizard

Illustrated notes

Levels and vault maps discovered:
D:1:      lightli_arrival_maybe_door_vault, layout_basic,
          corexii_item_surrounded_by_moat
D:2:      layout_basic, serial_glass, glass_columns_c, glass_columns_a,
          glass_columns_a, glass_columns_a, glass_columns_a, glass_columns_a,
          uniq_terence
D:3:      layout_basic, mainiacjoe_overflow_concentric_impassable,
          grunt_temple_overflow_lords_of_destruction,
          shapermc_ecumenical_altar_flowoftime, gup_sewer_entry_spiral,
          minmay_misc_feat_chi, chequers_serial_rivers_micro_c, st_stairs_11,
          uniq_ijyb, uniq_crazy_yiuf_cottage, uniq_robin, uniq_sigmund
D:4:      layout_basic, corexii_item_surrounded_by_moat,
          nicolae_figureground_pulse
D:5:      layout_cave_pools, lemuel_temple_firewalk_b, uniq_eustachio,
          uniq_menkaure

Skill      XL: |  1  2  3  4  5  6  7  8 |
---------------+-------------------------+-----
Dodging        | 2 |  2.0
Fighting       | 2 3 4 5 |  5.8
Staves         | 4 5 6 |  6.7
Armour         | 2 |  2.5
Stealth        | 1 2 |  2.0
Evocations     | 2 3 4 |  4.0
Polearms       | |  1.7

Action                   |  1- 3 |  4- 6 |  7- 9 || total
-------------------------+-------+-------+-------++-------
Melee: Quarterstaff      |    73 |   195 |   164 ||   432
Evoke: Wand              |       |     1 |     1 ||     2
  Use: Scroll            |    10 |       |     2 ||    12
       Potion            |       |       |     2 ||     2
 Stab: Invisible         |       |     1 |     1 ||     2
Armor: Ring mail         |    24 |       |       ||    24
       Robe              |     1 |       |       ||     1
       Scale mail        |     5 |    99 |    95 ||   199
Dodge: Dodged            |    38 |    94 |    94 ||   226

Table legend: (Time is in decaauts)
 A = Elapsed time spent in this place.
 B = Non-inter-level travel time spent in this place.
 C = Inter-level travel time spent in this place.
 D = Time resting spent in this place.
 E = Time spent auto-exploring this place.
 F = Levels seen in this place.
 G = Mean time per level.
                   A        B        C        D        E       F      G
               +--------+--------+--------+--------+--------+-----+--------+
         Total |   5313 |   4421 |    892 |    514 |   2370 |   6 |  885.5 |
       Dungeon |   4847 |   3955 |    892 |    514 |   2355 |   5 |  969.4 |
         Sewer |    466 |    466 |      0 |      0 |     15 |   1 |  466.0 |
               +--------+--------+--------+--------+--------+-----+--------+

Top non-repeatable levels by time:
     D:3: 1540 daAuts
     D:4: 1157 daAuts
     D:2: 1123 daAuts
     D:1: 893 daAuts
   Sewer: 466 daAuts
     D:5: 133 daAuts
